[Event "Titled Tuesday Blitz March 14 Late 2023"]
[White "Stelmaszyk, Nico"]
[Black "Karttunen, Mika"]
[WhiteFideId "16200462"]
[BlackFideId "502081"]
[WhiteElo "2255"]
[BlackElo "2396"]
[Result "1-0"]
[Round "10"]
[TimeControl "180+2"]
[Date "2023.03.14"]
[WhiteClock "0:01:56"]
[BlackClock "0:00:12"]

1. e4 c5 2. c3 d5 3. exd5 Qxd5 4. d4 Nf6 5. Nf3 e6 6. Na3 Nc6 7. Nb5 Qd8 8. dxc5 Bxc5 9. Qxd8+ Kxd8 10. Bg5 Bd7 11. Rd1 a6 12. Nd6 Bxd6 13. Rxd6 Ke7 14. Rd2 h6 15. Bh4 g5 16. Bg3 Ne4 17. Rd1 f6 18. Bd3 Nxg3 19. hxg3 e5 20. Be4 Be6 21. a3 Na5 22. O-O Rad8 23. Nd2 Rd7 24. Bc2 Rhd8 25. Ne4 Rxd1 26. Rxd1 Rxd1+ 27. Bxd1 Nc4 28. Nc5 Bc8 29. Bf3 b6 30. Nd3 Bf5 31. Nb4 a5 32. Nd5+ Ke6 33. b3 Nxa3 34. Nxb6 Bd3 35. b4 axb4 36. cxb4 e4 37. Bd1 f5 38. Na4 Kd5 39. Nc5 f4 40. gxf4 gxf4 41. f3 Kd4 42. fxe4 Bxe4 43. Nxe4 Kxe4 44. Be2 Nc2 45. b5 Nd4 46. Bf3+ Nxf3+ 47. gxf3+ Kd5 48. Kg2 Kc5 49. Kh3 Kxb5 50. Kg4 Kc5 51. Kxf4 Kd6 52. Kf5 h5 53. Kg5 Ke5 54. f4+ Ke4 55. f5 h4 56. f6 h3 57. f7 h2 58. f8=Q h1=Q 59. Qa8+ 1-0


[Site "https://www.chess.com"]

[Event "Titled Tuesday Blitz March 14 Late 2023"]
[White "Fernandez, Maria Florencia"]
[Black "Janaszak, Dawid"]
[WhiteFideId "116459"]
[BlackFideId "1119206"]
[WhiteElo "2155"]
[BlackElo "2220"]
[Result "1-0"]
[Round "10"]
[TimeControl "180+2"]
[Date "2023.03.14"]
[WhiteClock "0:00:05"]
[BlackClock "0:00:05"]

1. d4 f5 2. c4 Nf6 3. Nc3 g6 4. Nf3 Bg7 5. Bf4 O-O 6. e3 d6 7. Qb3 Kh8 8. h4 Nh5 9. O-O-O b5 10. c5 b4 11. Na4 Nc6 12. Ng5 Qe8 13. Bb5 h6 14. d5 hxg5 15. Bxc6 Bd7 16. Bxd7 Qxd7 17. c6 Qe8 18. hxg5 e5 19. dxe6 Qxc6+ 20. Kb1 Rae8 21. Rh2 Qe4+ 22. Ka1 Qxe6 23. Rdh1 Qxb3 24. axb3 Kg8 25. Rc1 Rf7 26. Rc6 Re4 27. g3 Kf8 28. Rh1 Ke8 29. Rhc1 Kd8 30. Ra6 c5 31. Rxd6+ Ke8 32. Rxc5 Rd7 33. Rxd7 Kxd7 34. Rc7+ Kd8 35. Rxa7 Bf8 36. Rf7 Ke8 37. Rb7 Re6 38. Nb6 Bc5 39. Nd5 Kd8 40. Rb5 Bf8 41. Nxb4 Be7 42. Nd5 Bf8 43. b4 Ra6+ 44. Kb1 Rc6 45. Ka2 Ng7 46. Kb3 Ne6 47. Rb8+ Kd7 48. Nf6+ Ke7 49. Re8+ Kf7 50. Rb8 Rc1 51. Rb7+ Be7 52. Nd5 Kf8 53. Nxe7 Rf1 54. Nxg6+ Kg8 55. Ne7+ Kf8 56. Nxf5 Rxf2 57. Nd6 Ng7 58. Ne4 Nh5 59. Nxf2 1-0


[Site "https://www.chess.com"]

[Event "Titled Tuesday Blitz March 14 Late 2023"]
[White "Mirimanian, Hayk"]
[Black "Harish, Neeraj"]
[WhiteFideId "4700180"]
[BlackFideId "30958130"]
[WhiteElo "2280"]
[BlackElo "1963"]
[Result "1-0"]
[Round "10"]
[TimeControl "180+2"]
[Date "2023.03.14"]
[WhiteClock "0:00:36"]
[BlackClock "0:00:01"]

1. e4 c5 2. Nf3 Nc6 3. d4 cxd4 4. Nxd4 e5 5. Nb5 d6 6. c4 Be6 7. N1c3 a6 8. Na3 g6 9. Nc2 Bg7 10. Be3 Nf6 11. Be2 O-O 12. O-O Rc8 13. Qd2 Ne7 14. Na3 Nc6 15. Rfd1 Nd4 16. f3 Nh5 17. Bf1 Nf4 18. Nd5 Nxd5 19. cxd5 Bd7 20. Qb4 b5 21. Qxd6 f5 22. Rac1 fxe4 23. Rxc8 Qxc8 24. Rc1 Qe8 25. fxe4 Qf7 26. Bd3 Bh3 27. Rf1 Qe8 28. Rxf8+ Bxf8 29. Qxa6 Bg4 30. Nxb5 Nxb5 31. Qxb5 Qc8 32. Qc4 Qb8 33. h3 1-0


[Site "https://www.chess.com"]

[Event "Titled Tuesday Blitz March 14 Late 2023"]
[White "Wang, Alexander J"]
[Black "Cuenca Jimenez, Jose Fernando"]
[WhiteFideId "30955270"]
[BlackFideId "2255570"]
[WhiteElo "2259"]
[BlackElo "2429"]
[Result "0-1"]
[Round "10"]
[TimeControl "180+2"]
[Date "2023.03.14"]
[WhiteClock "0:00:39"]
[BlackClock "0:00:26"]

1. e4 d6 2. d4 Nf6 3. Nc3 e5 4. dxe5 dxe5 5. Qxd8+ Kxd8 6. Nf3 Bd6 7. Bc4 Ke7 8. h3 c6 9. Bg5 b5 10. Bd3 h6 11. Be3 Nbd7 12. a3 a5 13. Ne2 Ne8 14. Ng3 g6 15. h4 h5 16. c4 b4 17. axb4 Bxb4+ 18. Bd2 Bxd2+ 19. Kxd2 Nc5 20. Bc2 f6 21. b4 Nb7 22. bxa5 Rxa5 23. Rxa5 Nxa5 24. Kc3 c5 25. Ra1 Nc6 26. Nf1 Nd4 27. Ne3 Nc7 28. Ra7 Kd6 29. Nd5 Ncb5+ 30. cxb5 Nxb5+ 31. Kc4 Nxa7 32. Nxf6 Be6+ 33. Nd5 Nc6 34. Ng5 Rb8 35. Nxe6 Na5+ 36. Kc3 Kxe6 37. Ba4 Kd6 38. Ne3 Rb4 39. Bc2 Rd4 40. f3 c4 41. Kb4 Nc6+ 42. Kc3 Kc5 43. g4 Na7 44. gxh5 Nb5+ 45. Kb2 gxh5 46. Nf5 Rd2 47. Kc1 Rf2 48. Ng3 Nd4 49. Bd1 c3 50. Nh1 Rh2 51. Ng3 c2 52. Nxh5 Rh1 53. Kb2 cxd1=Q 54. Nf4 Qa1# 0-1


[Site "https://www.chess.com"]

[Event "Titled Tuesday Blitz March 14 Late 2023"]
[White "Senft, Sean"]
[Black "Fernandez Garcia, Gumersindo"]
[WhiteFideId "2044960"]
[BlackFideId "24516740"]
[WhiteElo "1989"]
[BlackElo "2093"]
[Result "0-1"]
[Round "10"]
[TimeControl "180+2"]
[Date "2023.03.14"]
[WhiteClock "0:01:13"]
[BlackClock "0:00:16"]

1. e4 c5 2. Nc3 g6 3. f4 Bg7 4. Nf3 Nc6 5. Bc4 e6 6. d3 Nge7 7. O-O O-O 8. Kh1 d5 9. Bb3 Nd4 10. Nxd4 cxd4 11. Ne2 Bd7 12. Qe1 Bc6 13. f5 exf5 14. exf5 Nxf5 15. Rxf5 gxf5 16. Ng3 Qh4 17. Qf2 f4 18. Bxf4 Rfe8 19. Rf1 a5 20. a4 Re7 21. Qf3 Qf6 22. Qg4 Qg6 23. Qf3 Rae8 24. Nh5 Re1 25. Nxg7 Qxg7 26. h3 Rxf1+ 27. Qxf1 Qf6 28. Qf3 Re1+ 29. Kh2 Re6 30. Qg3+ Qg6 31. Qh4 Kg7 32. Bg3 h5 33. Qf4 Re2 34. Qf3 Re3 35. Qf4 Qf6 36. Qc7 h4 37. Bf4 Re2 38. c3 Qg6 39. Be5+ Kh7 0-1


[Site "https://www.chess.com"]

[Event "Titled Tuesday Blitz March 14 Late 2023"]
[White "Pino Perez, Lazaro"]
[Black "Postma, Dinant"]
[WhiteFideId "3517055"]
[BlackFideId "1018612"]
[WhiteElo "2170"]
[BlackElo "2513"]
[Result "1-0"]
[Round "10"]
[TimeControl "180+2"]
[Date "2023.03.14"]
[WhiteClock "0:00:19"]
[BlackClock "0:00:03"]

1. d4 d5 2. Bf4 c5 3. e3 Nc6 4. Nf3 Nf6 5. Nbd2 cxd4 6. exd4 Bg4 7. c3 e6 8. Qb3 Qc8 9. h3 Bh5 10. Ne5 Nxe5 11. Bxe5 Nd7 12. Bg3 Be7 13. Bd3 O-O 14. O-O Bg6 15. Bxg6 hxg6 16. Nf3 a5 17. a4 Ra6 18. Rfe1 Rb6 19. Qc2 Qc4 20. Nd2 Qc6 21. Bf4 Rc8 22. g3 Ra6 23. h4 b5 24. axb5 Qxb5 25. Nf3 a4 26. Kg2 Nf6 27. Ne5 Bd6 28. Nd3 Bxf4 29. Nxf4 a3 30. Rxa3 Rxa3 31. bxa3 Qa5 32. Re3 Qxa3 33. f3 Rb8 34. Re2 Rb3 35. Qa2 Rxc3 36. Qxa3 Rxa3 37. Rb2 Ra4 38. Rb8+ Kh7 39. Nh3 g5 40. Nxg5+ Kg6 41. Rb7 Rxd4 42. Nxf7 Rd2+ 43. Kh3 d4 44. g4 Nd5 45. h5+ Kh7 46. Ng5+ Kg8 47. Nxe6 d3 48. g5 Re2 49. g6 1-0


[Site "https://www.chess.com"]

[Event "Titled Tuesday Blitz March 14 Late 2023"]
[White "Sokolin, Leonid"]
[Black "Hoffmann, Asa"]
[WhiteFideId "2009161"]
[BlackFideId "2001470"]
[WhiteElo "2394"]
[BlackElo "2117"]
[Result "1-0"]
[Round "10"]
[TimeControl "180+2"]
[Date "2023.03.14"]
[WhiteClock "0:01:07"]
[BlackClock "0:00:50"]

1. e4 d6 2. d4 Nf6 3. Nc3 c6 4. Bd3 e5 5. Nge2 Be7 6. f3 Nbd7 7. Be3 O-O 8. Qd2 b5 9. a3 a6 10. O-O Bb7 11. Ng3 Re8 12. Nf5 Bf8 13. Rad1 d5 14. dxe5 Nxe5 15. Bg5 Nxd3 16. cxd3 dxe4 17. fxe4 Re6 18. d4 Qe8 19. e5 Nd5 20. Ne4 f6 21. Bh4 fxe5 22. Ng5 Rg6 23. Rde1 Bc8 24. Rxe5 Qd8 25. Ne6 Bxe6 26. Bxd8 Rxd8 27. Qf2 Rf6 28. Rxe6 Rxe6 29. Nh6+ 1-0


[Site "https://www.chess.com"]

[Event "Titled Tuesday Blitz March 14 Late 2023"]
[White "Rego, Pedro Filipe"]
[Black "Gasparyan, David"]
[WhiteFideId "1904310"]
[BlackFideId "13311980"]
[WhiteElo "2193"]
[BlackElo "2501"]
[Result "0-1"]
[Round "10"]
[TimeControl "180+2"]
[Date "2023.03.14"]
[WhiteClock "0:00:08"]
[BlackClock "0:00:10"]

1. d4 e6 2. e4 d5 3. Nd2 dxe4 4. Nxe4 Nd7 5. Nf3 Ngf6 6. Nxf6+ Nxf6 7. Bd3 c5 8. Bg5 cxd4 9. Nxd4 Qa5+ 10. Qd2 Bb4 11. c3 Be7 12. O-O O-O 13. Rfe1 e5 14. Nf5 Bxf5 15. Bxf5 Rad8 16. Qc2 g6 17. Bxf6 Bxf6 18. Be4 Qb6 19. Rad1 Bg7 20. Bd5 Kh8 21. c4 f5 22. b3 Qc5 23. Bxb7 e4 24. Rd5 Qb4 25. Red1 Rxd5 26. Bxd5 h6 27. Qd2 Qc5 28. b4 Qe7 29. c5 g5 30. c6 f4 31. Qe2 e3 32. fxe3 fxe3 33. Bf3 Re8 34. b5 Qc5 35. a4 Bd4 36. Kh1 Bc3 37. Rd7 Re7 38. Rd8+ Kg7 39. Qd3 Be5 40. Qe2 Bc7 41. Rd7 Rxd7 42. cxd7 Qe5 43. g3 Qd4 44. Kg2 Bb6 45. Bh5 Qxd7 46. Qb2+ Bd4 47. Qe2 Qd5+ 48. Bf3 Qc5 49. Qd3 Bf6 50. Qd7+ Be7 51. Qd3 Qe5 52. Bh5 Qf6 53. Bf3 Bc5 54. Qd7+ Be7 55. Qxa7 Qb2+ 56. Kh3 Qe5 57. Be2 Qf5+ 58. Kg2 Qf2+ 59. Kh3 Qf5+ 60. Kg2 Qe4+ 61. Bf3 Qc2+ 62. Kh3 Qf5+ 63. Bg4 Qf1# 0-1


[Site "https://www.chess.com"]

[Event "Titled Tuesday Blitz March 14 Late 2023"]
[White "Mickiewicz, Piotr"]
[Black "ArchibaldCerveza29"]
[WhiteFideId "1114891"]
[WhiteElo "2246"]
[BlackElo "2491"]
[Result "0-1"]
[Round "10"]
[TimeControl "180+2"]
[Date "2023.03.14"]
[WhiteClock "0:00:23"]
[BlackClock "0:00:15"]

1. Nf3 d5 2. c4 e6 3. g3 Nf6 4. Bg2 Be7 5. b3 O-O 6. Bb2 b6 7. O-O Bb7 8. e3 c5 9. Qe2 dxc4 10. bxc4 Nc6 11. d3 Qc7 12. Nc3 Rfd8 13. a3 Na5 14. Rfd1 Rd7 15. Nb5 Qc8 16. Ne5 Rd8 17. f4 Bxg2 18. Qxg2 a6 19. Nc3 Ra7 20. Rab1 Qa8 21. Ba1 Qxg2+ 22. Kxg2 Rb7 23. Kf3 Kf8 24. g4 Nd7 25. Na4 b5 26. cxb5 axb5 27. Nc3 Nxe5+ 28. fxe5 b4 29. axb4 cxb4 30. Ne4 Rc8 31. Nd6 Bxd6 32. exd6 f6 33. g5 fxg5 34. Ke4 Ke8 35. Rf1 b3 36. Bb2 Kd7 37. Bxg7 Rb4+ 38. d4 Nc4 39. Rf7+ Kxd6 40. Be5+ Nxe5 41. Rxh7 Nc4 42. Kd3 Na3 43. Rb2 Rc2 44. Rxb3 Rxb3+ 45. Ke4 Nb5 0-1


[Site "https://www.chess.com"]

[Event "Titled Tuesday Blitz March 14 Late 2023"]
[White "Bach, Matthias"]
[Black "Womacka, Mathias"]
[WhiteFideId "4603168"]
[BlackFideId "4611390"]
[WhiteElo "2165"]
[BlackElo "2377"]
[Result "0-1"]
[Round "10"]
[TimeControl "180+2"]
[Date "2023.03.14"]
[WhiteClock "0:01:46"]
[BlackClock "0:01:24"]

1. d4 Nf6 2. c4 e6 3. Nc3 Bb4 4. Bg5 c5 5. d5 Bxc3+ 6. bxc3 h6 7. Bh4 d6 8. e3 Qe7 9. Nf3 e5 10. Nd2 g5 11. Bg3 Bf5 12. Be2 Nbd7 13. O-O h5 14. f4 h4 15. fxg5 hxg3 16. gxf6 Qxf6 17. Ne4 Qh6 18. hxg3 Bxe4 0-1


[Site "https://www.chess.com"]

[Event "Titled Tuesday Blitz March 14 Late 2023"]
[White "Trakru, Rohun"]
[Black "Bove, Alessandro"]
[WhiteFideId "2097613"]
[BlackFideId "814121"]
[WhiteElo "1852"]
[BlackElo "2387"]
[Result "1-0"]
[Round "10"]
[TimeControl "180+2"]
[Date "2023.03.14"]
[WhiteClock "0:00:36"]
[BlackClock "0:01:31"]

1. e4 c5 2. Nc3 Nc6 3. Bb5 Nd4 4. Nf3 Nxb5 5. Nxb5 a6 6. Nc3 b5 7. d4 cxd4 8. Qxd4 Bb7 9. a4 bxa4 10. O-O a3 11. Rxa3 e6 12. Rb3 Bc6 13. Rd1 a5 14. Ne5 Qc7 15. Bf4 Qc8 16. Nxc6 dxc6 17. Na4 Qd8 18. Qxd8+ Rxd8 19. Rxd8+ Kxd8 20. Rb8+ Ke7 21. Be3 Nf6 22. Bc5+ Kd7 23. Rxf8 Rxf8 24. Bxf8 Nxe4 25. Bxg7 Nd2 26. b3 Kd6 27. Bc3 Ne4 28. Bxa5 Kd5 29. f3 Nf6 30. Kf2 Nd7 31. Bc3 c5 32. g4 c4 33. b4 Kc6 34. Nc5 Nb6 35. Bd2 Nd5 36. c3 Kb5 37. h4 f6 38. h5 f5 39. Nxe6 fxg4 40. fxg4 Nf6 41. Kf3 Kc6 42. Nf4 Kd6 43. g5 Nd7 44. Ke4 Ne5 45. g6 hxg6 46. hxg6 Nf3 47. Kxf3 1-0


[Site "https://www.chess.com"]

[Event "Titled Tuesday Blitz March 14 Late 2023"]
[White "Biriukov, Ilja"]
[Black "Rangel, Daniel"]
[WhiteFideId "4113373"]
[BlackFideId "2124475"]
[WhiteElo "2426"]
[BlackElo "2256"]
[Result "0-1"]
[Round "10"]
[TimeControl "180+2"]
[Date "2023.03.14"]
[WhiteClock "0:01:01"]
[BlackClock "0:00:45"]

1. c4 Nf6 2. Nc3 e6 3. Nf3 d5 4. cxd5 exd5 5. d4 c6 6. Bg5 Be7 7. e3 O-O 8. Bd3 Re8 9. Qc2 Nbd7 10. O-O Nf8 11. h3 Ng6 12. Rab1 Ne4 13. Bxe7 Qxe7 14. Nd2 Ng5 15. Bf5 Nh4 16. Bxc8 Raxc8 17. b4 Nxh3+ 18. Kh2 Qg5 19. g3 Re6 20. gxh4 Qxh4 21. Nf3 Qh5 22. Ne5 Ng5+ 23. Kg1 Rh6 0-1


[Site "https://www.chess.com"]

[Event "Titled Tuesday Blitz March 14 Late 2023"]
[White "Tagliati, Eleonore"]
[Black "Hajiyev, Kanan"]
[WhiteFideId "45172234"]
[BlackFideId "13404148"]
[WhiteElo "2250"]
[BlackElo "2103"]
[Result "0-1"]
[Round "10"]
[TimeControl "180+2"]
[Date "2023.03.14"]
[WhiteClock "0:00:38"]
[BlackClock "0:00:23"]

1. e4 c6 2. Nf3 d5 3. Nc3 a6 4. d4 Bg4 5. exd5 cxd5 6. Bd3 Nc6 7. Be3 e6 8. h3 Bh5 9. O-O Nf6 10. Nb1 Qb6 11. Nbd2 Bd6 12. Rb1 O-O 13. c3 Qc7 14. a4 Rab8 15. Qc2 Rfc8 16. Qd1 Na5 17. b4 Nc4 18. Nxc4 dxc4 19. Bc2 Nd5 20. Qd2 Bxf3 21. gxf3 Qe7 22. Bg5 Qc7 23. Kh1 Bf4 24. Bxf4 Qxf4 25. Qxf4 Nxf4 26. Kh2 Ne2 27. Be4 Nxc3 28. Ra1 f5 29. Bc2 Rd8 30. Ra3 Ne2 31. Re1 Nxd4 32. Bb1 Nxf3+ 33. Rxf3 Kf7 34. Rc3 b5 35. axb5 axb5 36. Kg3 Kf6 37. Rce3 Rb6 38. Kf3 g5 39. Re5 Rd2 40. Rc5 Rb2 41. Ke3 Rxb4 42. Kd4 Rd6+ 43. Kc3 Rb3+ 44. Kc2 h5 45. Ba2 Ra3 46. Kb2 Ra5 47. Ree5 Rd2+ 48. Kb1 Raxa2 49. Rxb5 Rdb2+ 50. Rxb2 Rxb2+ 51. Kxb2 Kxe5 52. Kc3 Kd5 53. f3 h4 0-1


[Site "https://www.chess.com"]

[Event "Titled Tuesday Blitz March 14 Late 2023"]
[White "Grycel, Kamil"]
[Black "Romero Ruscalleda, Josep"]
[WhiteFideId "1115499"]
[BlackFideId "2231859"]
[WhiteElo "2459"]
[BlackElo "2183"]
[Result "1-0"]
[Round "10"]
[TimeControl "180+2"]
[Date "2023.03.14"]
[WhiteClock "0:00:28"]
[BlackClock "0:00:22"]

1. b3 d6 2. d4 g6 3. Bb2 Bg7 4. Nf3 Nd7 5. e3 c5 6. Be2 Ngf6 7. O-O O-O 8. c4 b6 9. d5 Qc7 10. Nc3 a6 11. a4 Bb7 12. Qc2 e6 13. e4 e5 14. Ne1 Ne8 15. Nd3 f5 16. f4 exf4 17. Nxf4 Rf7 18. Ne6 Bd4+ 19. Kh1 Qc8 20. exf5 gxf5 21. Bh5 Rf6 22. Rxf5 Rxe6 23. Bf7+ Kh8 24. Bxe6 Qd8 25. Ne2 Bxb2 26. Qxb2+ Ne5 27. Raf1 Ng7 28. Rf8+ Qxf8 29. Rxf8+ Rxf8 30. Kg1 Rf6 31. Bh3 Nh5 32. Qd2 h6 33. Be6 Kg7 34. h3 Kf8 35. Qe3 Ng7 36. Nf4 Ke7 37. Qg3 Kf8 38. Kh2 b5 39. axb5 axb5 40. Nd3 Nxe6 41. Nxe5 dxe5 42. Qxe5 Ke7 43. dxe6 Rxe6 44. Qc7+ Kf6 45. Qxb7 bxc4 46. bxc4 Ke5 47. Qd5+ Kf6 48. Qxc5 Re5 49. Qd4 Ke6 50. Qxe5+ Kxe5 51. Kg3 Kd4 52. Kh4 Kxc4 53. Kh5 Kd5 54. Kxh6 Ke6 55. g4 1-0


[Site "https://www.chess.com"]

[Event "Titled Tuesday Blitz March 14 Late 2023"]
[White "Goncalves, Davi Sulzbacher"]
[Black "Kohler, Aran"]
[WhiteFideId "2154510"]
[BlackFideId "1002856"]
[WhiteElo "2182"]
[BlackElo "2274"]
[Result "0-1"]
[Round "10"]
[TimeControl "180+2"]
[Date "2023.03.14"]
[WhiteClock "0:00:04"]
[BlackClock "0:00:49"]

1. Nf3 Nf6 2. g3 d5 3. Bg2 c6 4. O-O Bg4 5. c4 e6 6. Qb3 Qb6 7. d3 Qxb3 8. axb3 Nbd7 9. Be3 a6 10. Nc3 Bd6 11. h3 Bxf3 12. Bxf3 O-O 13. Rfc1 Rac8 14. g4 h6 15. g5 hxg5 16. Bxg5 d4 17. Ne4 Nxe4 18. Bxe4 f6 19. Bd2 Nc5 20. b4 Nb3 21. c5 Bb8 22. Rd1 Nxa1 23. Rxa1 f5 24. Bg2 e5 25. f4 exf4 26. Kf2 Rce8 27. Bf3 Kh7 28. Rg1 g6 29. Kf1 Be5 30. Be1 Re7 31. Bh4 Bf6 32. Be1 g5 33. Bd2 Rg7 34. Bg2 Be5 35. Rh1 Kg6 36. Bf3 Kf6 37. Rg1 Rfg8 38. Be1 g4 39. Bh4+ Ke6 40. hxg4 fxg4 41. Be4 Rh8 42. Be1 Rh2 43. Bd2 f3 0-1


[Site "https://www.chess.com"]

[Event "Titled Tuesday Blitz March 14 Late 2023"]
[White "Sreyas Payyappat"]
[Black "Chabris, Christopher"]
[WhiteFideId "46674969"]
[BlackFideId "2005263"]
[WhiteElo "2083"]
[BlackElo "2219"]
[Result "1-0"]
[Round "10"]
[TimeControl "180+2"]
[Date "2023.03.14"]
[WhiteClock "0:01:17"]
[BlackClock "0:00:02"]

1. e4 c5 2. Nf3 d6 3. d4 cxd4 4. Nxd4 Nf6 5. Nc3 a6 6. h4 Nc6 7. h5 h6 8. Be2 e5 9. Nb3 Be6 10. Be3 Be7 11. Qd2 Rc8 12. O-O-O Na5 13. f3 Nc4 14. Bxc4 Rxc4 15. g4 Nd7 16. Rhg1 b5 17. g5 hxg5 18. Bxg5 Nf6 19. Bxf6 Bxf6 20. Qxd6 Qxd6 21. Rxd6 Rxh5 22. Rxa6 b4 23. Nb5 Ke7 24. Ra7+ Kf8 25. Rd1 g6 26. Nd6 Rc6 27. Ra8+ Kg7 28. Ne8+ Kh6 29. Nxf6 Rh2 30. Rh8+ Kg7 31. Rxh2 Kxf6 32. Rf2 Kg5 33. f4+ exf4 34. Nd4 1-0


[Site "https://www.chess.com"]

[Event "Titled Tuesday Blitz March 14 Late 2023"]
[White "ritanovikova"]
[Black "Ronka, Erik"]
[BlackFideId "505080"]
[WhiteElo "2206"]
[BlackElo "2264"]
[Result "1-0"]
[Round "10"]
[TimeControl "180+2"]
[Date "2023.03.14"]
[WhiteClock "0:02:15"]
[BlackClock "0:01:49"]

1. e4 c5 2. Nc3 Nc6 3. d3 g6 4. Be3 d6 5. Qd2 Bg7 6. g3 Rb8 7. Bg2 b5 8. Nge2 Nd4 9. Nd1 e6 10. c3 Nxe2 11. Qxe2 Ne7 12. Qd2 O-O 13. Bh6 e5 14. h4 f6 15. Bxg7 Kxg7 16. f4 Bb7 17. h5 Rh8 18. Nf2 a5 19. Ng4 Qd7 20. Bh3 Qc6 21. fxe5 dxe5 22. Qh6+ Kf7 23. O-O 1-0


[Site "https://www.chess.com"]

[Event "Titled Tuesday Blitz March 14 Late 2023"]
[White "Manu_ChessExcelsior"]
[Black "Heinemann, Josefine"]
[BlackFideId "12900460"]
[WhiteElo "2056"]
[BlackElo "2342"]
[Result "0-1"]
[Round "10"]
[TimeControl "180+2"]
[Date "2023.03.14"]
[WhiteClock "0:00:28"]
[BlackClock "0:00:43"]

1. e4 c6 2. d4 d5 3. e5 Bf5 4. Bd3 Bxd3 5. Qxd3 e6 6. c3 Nd7 7. Ne2 c5 8. O-O a6 9. Nd2 h5 10. f4 Nh6 11. Nf3 Nf5 12. Be3 Be7 13. Bf2 h4 14. g4 hxg3 15. hxg3 Qb6 16. dxc5 Bxc5 17. Ned4 Nh6 18. b4 Bxd4 19. Bxd4 Qc7 20. Kg2 Nb6 21. Rh1 Nc4 22. Nd2 Nxd2 23. Qxd2 Kd7 24. Bc5 b6 25. Bd6 Qc4 26. Qe3 Nf5 27. Qxb6 Qe2+ 28. Qf2 Ne3+ 29. Kg1 Rxh1+ 30. Kxh1 Rh8+ 31. Kg1 Rh1+ 32. Kxh1 Qxf2 33. Rg1 Ng4 34. Rg2 Qf1+ 35. Rg1 Qf3+ 36. Rg2 Ne3 0-1


[Site "https://www.chess.com"]

[Event "Titled Tuesday Blitz March 14 Late 2023"]
[White "Campelo, Leandro Fabricio"]
[Black "Zamorano, Jorge"]
[WhiteFideId "2103346"]
[BlackFideId "173770"]
[WhiteElo "2070"]
[BlackElo "2331"]
[Result "0-1"]
[Round "10"]
[TimeControl "180+2"]
[Date "2023.03.14"]
[WhiteClock "0:01:51"]
[BlackClock "0:02:23"]

1. e4 c5 2. Nf3 d6 3. d4 cxd4 4. Nxd4 Nf6 5. Nc3 a6 6. Rg1 e5 7. Nb3 Be6 8. g4 d5 9. exd5 Nxd5 10. Nxd5 Qxd5 11. Qxd5 Bxd5 12. Be3 Nc6 13. Be2 O-O-O 14. O-O-O Be7 15. Bb6 Rd7 16. Nc5 Bxc5 17. Bxc5 Kc7 18. c3 Bxa2 19. Rxd7+ Kxd7 20. Rd1+ Kc8 21. c4 Na5 22. g5 Nb3+ 23. Kc2 Nxc5 0-1


[Site "https://www.chess.com"]

[Event "Titled Tuesday Blitz March 14 Late 2023"]
[White "Perske, Thore"]
[Black "Fule, Simon"]
[WhiteFideId "12902195"]
[BlackFideId "787515"]
[WhiteElo "2336"]
[BlackElo "2385"]
[Result "1-0"]
[Round "10"]
[TimeControl "180+2"]
[Date "2023.03.14"]
[WhiteClock "0:00:56"]
[BlackClock "0:00:01"]

1. e4 e5 2. Nf3 Nc6 3. Bb5 a6 4. Ba4 Nf6 5. O-O Be7 6. d3 b5 7. Bb3 O-O 8. Nc3 d6 9. a3 Na5 10. Ba2 c5 11. Nd5 Nxd5 12. Bxd5 Rb8 13. b4 Nb7 14. Be3 Qc7 15. c3 Be6 16. Qb3 Bd7 17. Rfc1 Nd8 18. h3 Kh8 19. c4 f5 20. cxb5 axb5 21. bxc5 dxc5 22. Qc3 fxe4 23. dxe4 Bxh3 24. Bxc5 Bc8 25. Qxe5 Qxe5 26. Nxe5 Bxc5 27. Rxc5 Be6 28. Rb1 Re8 29. Rbxb5 Rxb5 30. Rxb5 Bxd5 31. Rxd5 Nb7 32. a4 h5 33. a5 Re6 34. f3 Kh7 35. Kf2 Kh6 36. Ke3 Ra6 37. Nc4 g5 38. e5 Kg6 39. Ke4 h4 40. Rb5 Ra7 41. Kd5 Nd8 42. Rb6+ 1-0


[Site "https://www.chess.com"]

[Event "Titled Tuesday Blitz March 14 Late 2023"]
[White "Becham, Khalid"]
[Black "Reprintsev, Alexander"]
[WhiteFideId "9000275"]
[BlackFideId "14100541"]
[WhiteElo "2081"]
[BlackElo "2229"]
[Result "1-0"]
[Round "10"]
[TimeControl "180+2"]
[Date "2023.03.14"]
[WhiteClock "0:00:41"]
[BlackClock "0:00:02"]

1. d4 d5 2. Bg5 Nc6 3. Nf3 f6 4. Bh4 Nh6 5. e3 Nf5 6. Bg3 h5 7. Nh4 Nxh4 8. Bxh4 g5 9. Be2 gxh4 10. Bxh5+ Kd7 11. Nc3 e6 12. e4 Bb4 13. exd5 Bxc3+ 14. bxc3 exd5 15. Qg4+ Kd6 16. Qf4+ Ke7 17. Bf3 Qd6 18. Qd2 Bf5 19. O-O Rag8 20. Rab1 Nd8 21. Rfe1+ Kd7 22. Qe2 Kc8 23. Qb5 c6 24. Qa5 Kb8 25. Rb3 Be4 26. Ra3 a6 27. Bxe4 dxe4 28. Rxe4 h3 29. g3 Re8 30. Qf5 Re7 31. Rb3 Rhe8 32. Rxe7 Qxe7 33. Qxh3 Qe1+ 34. Kg2 Qe4+ 35. Kg1 Qxc2 36. Qd7 Re1+ 37. Kg2 Qe4+ 38. f3 Qe2+ 39. Kh3 Qe6+ 40. Qxe6 Nxe6 41. Kg4 Kc7 42. Kf5 Nd8 43. Kxf6 Re2 44. h4 Re3 45. f4 Rxg3 46. h5 Rh3 47. h6 Rxh6+ 48. Kg5 Rd6 49. f5 Rd5 50. Kg6 Kd6 51. f6 b5 52. Rb2 c5 53. f7 Nxf7 54. dxc5+ Rxc5 55. Kxf7 Rxc3 56. Kf6 Rf3+ 57. Kg5 Kc5 58. Kg4 Rc3 59. Kf4 a5 60. Ke4 b4 61. Rh2 1-0


[Site "https://www.chess.com"]

[Event "Titled Tuesday Blitz March 14 Late 2023"]
[White "Rios Escobar, Adan"]
[Black "Carbone, Diego"]
[WhiteFideId "3403645"]
[BlackFideId "3002179"]
[WhiteElo "2370"]
[BlackElo "2266"]
[Result "0-1"]
[Round "10"]
[TimeControl "180+2"]
[Date "2023.03.14"]
[WhiteClock "0:00:01"]
[BlackClock "0:01:37"]

1. d4 Nf6 2. g3 e6 3. c4 d5 4. Bg2 dxc4 5. Nf3 a6 6. O-O Nc6 7. e3 Rb8 8. Nfd2 e5 9. Bxc6+ bxc6 10. dxe5 Ng4 11. Nxc4 Be6 12. Nbd2 Bb4 13. b3 h5 14. Qf3 h4 15. Qxc6+ Kf8 16. Bb2 Nxh2 17. Kg2 Bd5+ 18. Qxd5 Qxd5+ 19. Kxh2 hxg3+ 20. Kxg3 Bxd2 21. Rad1 Qd3 22. Nxd2 Qg6+ 23. Kf3 Qh5+ 24. Ke4 Rd8 25. f4 Qg6+ 26. Kf3 Rh3+ 27. Kf2 Qg3+ 28. Ke2 Qxe3# 0-1


[Site "https://www.chess.com"]

[Event "Titled Tuesday Blitz March 14 Late 2023"]
[White "marik_spb"]
[Black "Leonte, Sebastian-Marian"]
[BlackFideId "1268767"]
[WhiteElo "2407"]
[BlackElo "2346"]
[Result "1-0"]
[Round "10"]
[TimeControl "180+2"]
[Date "2023.03.14"]
[WhiteClock "0:00:43"]
[BlackClock "0:00:01"]

1. d4 Nf6 2. c4 e6 3. Nf3 Bb4+ 4. Bd2 a5 5. g3 d5 6. Bg2 O-O 7. O-O dxc4 8. Bg5 b5 9. a3 Be7 10. Nc3 c6 11. Ne5 Ra6 12. a4 b4 13. Nb1 h6 14. Bf4 Nd5 15. Nxc4 Nd7 16. Nbd2 c5 17. Nb3 cxd4 18. Qxd4 Bf6 19. Qd2 Bb7 20. Rfd1 Qa8 21. Bd6 Rc8 22. Rac1 Rxc4 23. Rxc4 Rxd6 24. e4 N7b6 25. Rc5 Rd8 26. exd5 Nxd5 27. Rxa5 Qb8 28. Rb5 1-0


[Site "https://www.chess.com"]

[Event "Titled Tuesday Blitz March 14 Late 2023"]
[White "Meunier-Pion, Jean"]
[Black "Quispe Santacruz, Javier"]
[WhiteFideId "20685327"]
[BlackFideId "3800920"]
[WhiteElo "2124"]
[BlackElo "1875"]
[Result "1-0"]
[Round "10"]
[TimeControl "180+2"]
[Date "2023.03.14"]
[WhiteClock "0:01:38"]
[BlackClock "0:01:59"]

1. d4 Nf6 2. c4 e6 3. g3 Bb4+ 4. Bd2 Bxd2+ 5. Qxd2 O-O 6. Bg2 d6 7. Nc3 e5 8. Nf3 Nc6 9. O-O Bg4 10. e3 Qe7 11. h3 Bh5 12. Rfe1 Rfe8 13. Nd5 Nxd5 14. cxd5 Nb8 15. dxe5 dxe5 16. e4 Nd7 17. Nh4 Bg6 18. Rac1 a5 19. Rxc7 Qd6 20. Rxb7 Nc5 21. Rb5 a4 22. Qb4 Rec8 23. Nxg6 hxg6 24. Rc1 1-0


[Site "https://www.chess.com"]